 Dungeon Crawl Stone Soup version 0.30-a0-585-g93115170b9 (webtiles) character file.

Game seed: 5253933596623857249

67540 gelatine the Thaumaturge (level 14, -3/114 HPs)
             Began as a Demonspawn Fire Elementalist on Dec 31, 2022.
             Was the Champion of Vehumet.
             Slain by an ettin
             ... wielding a +0 dire flail
              (17 damage)
             ... on level 1 of the Orcish Mines on Jan 1, 2023.
             The game lasted 01:30:37 (20691 turns).

gelatine the Thaumaturge (DsFE)                    Turns: 20691, Time: 01:30:38

Health: -3/114     AC: 15    Str: 10    XL:     14   Next: 83%
Magic:  19/30      EV: 20    Int: 23    God:    Vehumet [******]
Gold:   1639       SH:  0    Dex: 20    Spells: 0/37 levels left

rFire   + + .      SeeInvis .    l - +6 rapier of Piateqy {heavy, rF+ rC+}
rCold   + . .      Faith    .    (no shield)
rNeg    . . .      Spirit   .    R - +3 ring mail "Usie" {rF+ Int+3 Slay+3}
rPois   +          Reflect  .    (helmet restricted)
rElec   .          Harm     .    p - +0 cloak {rPois}
rCorr   .          Rampage  .    f - +1 pair of gloves
Will    +....                    (no boots)
Stlth   ++                       c - amulet of magic regeneration
HPRegen 0.39/turn                h - +6 ring of dexterity
MPRegen 0.62/turn                A - +5 ring of evasion

@: mighty, studying Necromancy
A: horns 2, thin metallic scales 1, powered by pain 2, robust 1, spiny 1
a: Renounce Religion


You were on level 1 of the Orcish Mines.
You worshipped Vehumet.
Vehumet was exalted by your worship.
You visited 4 branches of the dungeon, and saw 18 of its levels.
You also visited: Sewer and Ossuary.

You collected 1930 gold pieces.
You spent 291 gold pieces at shops.

Inventory:

Hand Weapons
 l - the +6 rapier of Piateqy (weapon) {heavy, rF+ rC+}
   (You found it on level 3 of the Dungeon)

   It deals dramatically more damage, but attacks with it are much slower.
   rF:        It protects you from fire.
   rC:        It protects you from cold.
 w - a +3 short sword of electrocution
Missiles
 G - a silver boomerang
 L - 2 throwing nets
 T - 4 curare-tipped darts
 V - 4 datura-tipped darts
Armour
 f - a +1 pair of gloves (worn)
 p - a +0 cloak of poison resistance (worn)
 D - +0 steam dragon scales
 F - +0 fire dragon scales
 P - a +1 robe of willpower
 R - the +3 ring mail "Usie" (worn) {rF+ Int+3 Slay+3}
   (You found it on level 1 of the Lair of Beasts)

   Int:       It affects your intelligence (+3).
   Slay:      It affects your accuracy & damage with ranged weapons and melee
   (+3).
   rF:        It protects you from fire.
Magical Staves
 Q - a staff of air
 Y - a staff of death
Jewellery
 c - an amulet of magic regeneration (around neck)
 h - a +6 ring of dexterity (left hand)
 k - a ring of flight
 y - the ring "Xiruk" {Will- EV+5 Str+8 Stlth+}
   (You found it on level 5 of the Lair of Beasts)

   [ring of evasion]

   EV:        It affects your evasion (+5).
   Str:       It affects your strength (+8).
   Will:      It decreases your willpower.
   Stlth:     It makes you more stealthy.
 A - a +5 ring of evasion (right hand)
 C - a ring of protection from cold
 I - a +6 ring of intelligence
 S - a ring of protection from fire
Wands
 n - a wand of roots (34)
 u - a wand of digging (5)
 J - a wand of flame (4)
 K - a wand of quicksilver (13)
 X - a wand of charming (12)
Scrolls
 a - a scroll of butterflies
 i - 4 scrolls of teleportation
 m - 5 scrolls of noise
 o - 3 scrolls of enchant weapon
 q - 2 scrolls of fog
 s - a scroll of identify
 E - 2 scrolls of silence
 H - a scroll of immolation
 O - a scroll of acquirement
 W - a scroll of enchant armour
 Z - a scroll of blinking
Potions
 b - 2 potions of magic
 d - a potion of invisibility
 e - 3 potions of curing
 g - a potion of haste
 j - 2 potions of attraction
 r - 3 potions of ambrosia
 t - 6 potions of might
 v - 2 potions of lignification
 x - 2 potions of resistance
 z - 2 potions of cancellation
 B - a potion of berserk rage
 M - 2 potions of mutation
 N - 3 potions of flight
 U - 2 potions of brilliance


   Skills:
 * Level 7.9 Fighting
 * Level 8.4 Short Blades
 * Level 6.4 Armour
 * Level 8.5 Dodging
 + Level 4.0 Stealth
 + Level 12.1 Spellcasting
 + Level 10.4 Conjurations
 * Level 2.3 Transmutations
 + Level 11.2 Fire Magic
 + Level 2.5 Ice Magic
 + Level 0.5 Air Magic
 * Level 2.6 Poison Magic


You couldn't memorise any spells.
You knew the following spells:

 Your Spells              Type           Power      Damage    Failure   Level
a - Foxfire               Conj/Fire      100%       2x1d9     1%          1
b - Scorch                Fire           100%       2d10      1%          2
c - Momentum Strike       Conj/Tloc      76%        3d10      1%          2
d - Hailstorm             Conj/Ice       43%        3d10      1%          3
e - Flame Wave            Conj/Fire      59%        2d14      1%          4
f - Ignite Poison         Fire/Tmut/Pois 38%        N/A       1%          3
g - Freezing Cloud        Conj/Ice/Air   17%        6-21      12%         5
h - Starburst             Conj/Fire      29%        6d9       5%          6
i - Eringya's Noxious Bo  Tmut/Pois      12%        N/A       78%         6
j - Lee's Rapid Deconstr  Erth           7%         3d6*      54%         5

Your spell library contained the following spells:

 Spells                   Type           Power      Damage    Failure   Level
 Static Discharge         Conj/Air       78%        2-6/arc   1%          2
 Inner Flame              Hex/Fire       39%        N/A       1%          3
 Kindle Blastsparks       Fire/Tloc/Air  64%        2d15      1%          3
 Sticky Flame             Conj/Fire      59%        2d7       1%          4
 Beastly Appendage        Tmut           48%        N/A       4%          1
 Wereblood                Tmut           24%        N/A       6%          2
 Arcjolt                  Conj/Air       19%        1d29      9%          5
 Lightning Bolt           Conj/Air       19%        1d34      9%          5
 Cigotuvi's Dreadful Rot  Necr/Pois/Air  36%        N/A       10%         2
 Spider Form              Tmut/Pois      25%        N/A       11%         3
 Vhi's Electric Charge    Tloc/Air       30%        N/A       28%         3
 Gell's Gravitas          Tloc           14%        N/A       30%         3
 Lesser Beckoning         Tloc           28%        N/A       30%         3
 Teleport Other           Tloc           14%        N/A       30%         3
 Dispel Undead            Necr           14%        3d10      71%         4
 Manifold Assault         Tloc           14%        N/A       71%         4
 Ignition                 Fire           30%        3d10      82%         8
 Death Channel            Necr           7%         N/A       100%        6
 Dispersal                Tloc           7%         N/A       100%        6
 Disjunction              Tloc           7%         N/A       100%        8
 Maxwell's Capacitive Co  Air            8%         ∞         100%        8


Dungeon Overview and Level Annotations

Branches:
Dungeon (10/15)            Temple (1/1) D:5            Lair (5/5) D:8
 Shoals (0/4) Lair:2        Snake (0/4) Lair:3        Slime (0/5) Lair:5
    Orc (2/2) D:10            Elf (0/3) Orc:2         Sewer (visited)
Ossuary (visited)

Altars:
Ashenzari
Cheibriados
Dithmenos
Fedhas
Gozag
Hepliaklqana
Kikubaaqudgha
Makhleb
Nemelex Xobeh
Okawaru
Qazlal
Ru
Sif Muna
Trog
Uskayaw
Vehumet
Wu Jian
Xom
Yredelemnul
Jiyva

Shops:
D:2 *   D:8 *   D:9 ?   Orc:2 !*?(*

Annotations:
Orc:1 1 runed translucent door, jfcaron's ghost, journeyman DrTm


Innate Abilities, Weirdness & Mutations

You have a pair of horns on your head.
You are partially covered in thin metallic scales. (AC +2)
You sometimes gain power by taking damage.
You are robust. (+10% HP)
You are partially covered in sharp spines.


Message History

The ettin is moderately wounded.
The foxfire hits the ettin but does no damage.
The ettin is moderately wounded.
The foxfire hits the ettin.
The ettin is heavily wounded.
The ettin closely misses you.
The ettin hits you with a +0 dire flail.
You conjure some foxfire!
The ettin closely misses you. The ettin barely misses you.
You conjure some foxfire!
The foxfire hits the ettin.
The ettin is heavily wounded.
The foxfire hits the ettin but does no damage.
The ettin is heavily wounded.
The ettin hits you with a +0 dire flail!!
You focus on the pain.
You feel your power returning.
The ettin hits you with a +0 dire flail!!
* * * LOW HITPOINT WARNING * * *
You focus on the pain.
You feel very mighty all of a sudden.
Casting: Foxfire (safe; 1% risk of failure)
Confirm with . or Enter, or press ? or * to list all spells.
Casting: Starburst (dangerous; 5% risk of failure)
Press: ? - help, Dir - look around, f - activate The bolt of fire hits your foxfire.
Your foxfire completely resists.
The bolt of fire misses the ettin.
The bolt of fire hits your foxfire.
Your foxfire completely resists.
The foxfire hits the ettin.
The ettin is heavily wounded.
The foxfire hits the ettin but does no damage.
The ettin is heavily wounded.
The ettin closely misses you. The ettin barely misses you.
Casting: Starburst (dangerous; 5% risk of failure)
Confirm with . or Enter, or press ? or * to list all spells.
Casting: Starburst (dangerous; 5% risk of failure)
Press: ? - help, Dir - look around, f - activate The bolt of fire hits the ettin!!
The ettin is almost dead.
The ettin hits you with a +0 dire flail!
You die...

##.#.. .....#.
##....)
.$....###
##.#.... . ##
##)......#
#.##....
..#.##.......#
#####...
.....#.).....#
#.#..
............
####.
#.......(.##
##
#......C@..#
#.
#......>)$##
#. #.$...##)##
## ..... #.#
#.## ... #
#.## ###


You could see an ettin.

Vanquished Creatures
  A fire dragon (Lair:5)
  Snorg (Lair:3)
  5 hydras
  A boulder beetle (Lair:5)
  4 ogre magi (Orc:2)
  14 two-headed ogres
  A catoblepas (Lair:2)
  10 death yaks
  An orc high priest (Orc:1)
  A fire crab (Lair:5)
  A cyclops (Orc:1)
  3 orc sorcerers
  10 elephants (Lair:5)
  8 black mambas
  3 molten gargoyles (Lair:5)
  A torpor snail (Lair:1)
  An unseen horror (D:10)
  16 cane toads
  A rime drake (Lair:4)
  13 komodo dragons
  2 polar bears (Lair:5)
  4 trolls
  2 hornets
  14 dream sheep
  5 blink frogs (Lair:5)
  A shadow (D:10)
  Sigmund (D:3)
  6 wyverns
  4 steam dragons
  A warg (Orc:2)
  7 basilisks
  31 yaks
  6 vampire mosquitoes (D:10)
  2 nagas (Lair:3)
  Edmund (D:6)
  An acid dragon (D:9)
  10 water moccasins
  4 hell hounds (Lair:5)
  23 orc warriors
  3 ice beasts
  4 black bears
  28 ogres
  3 sky beasts
  21 wolves
  7 centaurs
  2 elf zombies (Ossuary)
  4 phantoms
  A kobold brigand (D:6)
  11 bullfrogs
  4 gnoll sergeants
  3 scorpions
  A necrophage (D:5)
  14 wights
  5 killer bees (D:9)
  An electric eel (Lair:3)
  2 crimson imps
  3 lava snakes (Lair:5)
  4 centaur zombies
  A jelly (D:5)
  2 gnoll boudas
  16 orc priests
  5 hounds
  Jessica (D:2)
  2 centaur skeletons (D:4)
  3 iguanas
  23 orc wizards
  5 hell rats (Lair:5)
  The ghost of mandarbmax the Sneak, a weakling AtDe (D:4)
  3 hound zombies (Ossuary)
  3 mummies (Ossuary)
  Robin (D:4)
  24 gnolls
  18 adders
  3 white imps
  5 adder zombies (Ossuary)
  2 worms (D:2)
  76 orcs
  12 ball pythons
  6 endoplasms
  13 giant cockroaches
  2 gnoll zombies (Ossuary)
  19 goblins
  8 hobgoblins
  4 jackals (D:1)
  17 quokkas
  5 bats
  7 frilled lizards
  2 goblin zombies (Ossuary)
  4 hobgoblin zombies (Ossuary)
  3 jackal zombies (Ossuary)
  9 kobolds
  4 kobold zombies (Ossuary)
  3 quokka zombies (Ossuary)
  3 rats
  3 rat zombies (Ossuary)
  A bush (Lair:5)
661 creatures vanquished.

Vanquished Creatures (collateral kills)
  43 foxfires
43 creatures vanquished.

Vanquished Creatures (others)
  A human (D:4)
  2 gnolls (D:8)
  2208 foxfires
  44 fungi
  114 plants
2369 creatures vanquished.

Grand Total: 3073 creatures vanquished

Notes
Turn   | Place    | Note
-------+----------+-------------------------------------------
     0 | D:1      | gelatine the Demonspawn Fire Elementalist began the quest
                  | for the Orb.
     0 | D:1      | Reached XP level 1. HP: 13/13 MP: 3/3
   151 | D:1      | Gained mutation: You have a pair of small horns on your
                  | head. [demonic ancestry]
   151 | D:1      | Reached XP level 2. HP: 19/19 MP: 1/5
   750 | D:2      | Gained mutation: You are partially covered in thin metallic
                  | scales. (AC +2) [demonic ancestry]
   750 | D:2      | Reached XP level 3. HP: 24/24 MP: 2/6
   763 | D:2      | Found Haipesm's Assorted Antiques.
   811 | D:2      | Noticed Jessica
   815 | D:2      | Killed Jessica
  1022 | D:2      | Reached XP level 4. HP: 30/30 MP: 6/8
  1542 | D:3      | Identified the +6 rapier of Piateqy {heavy, rF+ rC+}
  1908 | D:3      | Noticed Sigmund
  1924 | D:3      | Killed Sigmund
  1925 | D:3      | Reached skill level 3 in Spellcasting
  1925 | D:3      | Reached XP level 5. HP: 26/35 MP: 6/10
  1929 | D:3      | Gained mutation: You are partially covered in sharp spines.
                  | [demonic ancestry]
  1929 | D:3      | Reached XP level 6. HP: 18/41 MP: 9/11
  2520 | D:4      | Found an ornate altar of the Wu Jian Council.
  2524 | D:4      | Noticed Robin
  2533 | D:4      | Killed Robin
  2549 | D:4      | Found a snail-covered altar of Cheibriados.
  2653 | D:4      | Found a transporter.
  2676 | D:4      | Found a sand-covered staircase.
  2685 | Ossuary  | Entered an ossuary
  2689 | Ossuary  | Learned a level 2 spell: Scorch
  2924 | Ossuary  | Gained mutation: You sometimes gain a little power by
                  | taking damage. [demonic ancestry]
  2924 | Ossuary  | Reached XP level 7. HP: 46/46 MP: 12/12
  2942 | Ossuary  | Reached skill level 4 in Spellcasting
  3133 | D:4      | Reached skill level 1 in Short Blades
  3293 | D:4      | Reached skill level 5 in Fire Magic
  3321 | D:4      | Found a transporter.
  3321 | D:4      | Noticed mandarbmax's ghost (weakling AtDe)
  3546 | D:4      | Found a basalt altar of Yredelemnul.
  3547 | D:4      | Found a sparkling altar of Nemelex Xobeh.
  3597 | D:4      | Found an ancient bone altar of Kikubaaqudgha.
  3600 | D:4      | Noticed a human
  3602 | D:4      | Killed a human
  3757 | D:4      | Found a radiant altar of Vehumet.
  3757 | D:4      | Found a burning altar of Makhleb.
  4015 | D:5      | Entered Level 5 of the Dungeon
  4106 | D:5      | Found a hazy altar of Hepliaklqana.
  4141 | D:5      | Gained mutation: You sometimes gain power by taking damage.
                  | [demonic ancestry]
  4141 | D:5      | Reached XP level 8. HP: 53/53 MP: 11/14
  4260 | D:5      | Reached skill level 5 in Conjurations
  4275 | D:5      | Reached skill level 5 in Spellcasting
  4288 | D:5      | Identified the +8 dagger of Dim Light {holy, rElec rC+
                  | Will- rCorr}
  4298 | D:5      | Reached skill level 1 in Fighting
  4765 | D:5      | Found a staircase to the Ecumenical Temple.
  4824 | Temple   | Entered the Ecumenical Temple
  5007 | D:4      | Became a worshipper of Vehumet
  5065 | D:4      | Killed mandarbmax's ghost
  5353 | D:6      | Reached XP level 9. HP: 51/60 MP: 10/17
  5406 | D:6      | Reached skill level 6 in Spellcasting
  5771 | D:6      | Found a glowing drain.
  5774 | D:6      | Reached * piety under Vehumet
  5774 | D:6      | Offered knowledge of Kiss of Death by Vehumet.
  5782 | Sewer    | Entered a sewer
  6026 | Sewer    | Offered knowledge of Momentum Strike by Vehumet.
  6030 | Sewer    | Learned a level 2 spell: Momentum Strike
  6050 | Sewer    | Reached ** piety under Vehumet
  6495 | D:6      | Noticed Edmund
  6505 | D:6      | Killed Edmund
  6506 | D:6      | Reached skill level 7 in Spellcasting
  7038 | D:7      | Identified the +8 whip "Mofiuqeth" {flame, rElec Int+4}
  7228 | D:7      | Reached XP level 10. HP: 68/68 MP: 16/20
  7260 | D:7      | Offered knowledge of Hailstorm by Vehumet.
  7938 | D:8      | Reached *** piety under Vehumet
  8072 | D:8      | Learned a level 3 spell: Hailstorm
  8076 | D:8      | Reached skill level 8 in Spellcasting
  8081 | D:8      | Learned a level 4 spell: Flame Wave
  8133 | D:8      | Found Rahauxaxtu's General Store.
  8543 | D:8      | Found a sacrificial altar of Ru.
  9040 | D:8      | Found a staircase to the Lair.
  9146 | D:9      | Noticed a two-headed ogre
  9153 | D:9      | Killed a two-headed ogre
  9259 | D:9      | Found a stormy altar of Qazlal.
  9584 | D:9      | Found Keanof's Magic Scroll Boutique.
  9612 | D:9      | Offered knowledge of Ignite Poison by Vehumet.
  9621 | D:9      | Learned a level 3 spell: Ignite Poison
  9847 | D:9      | Reached XP level 11. HP: 70/75 MP: 23/23
  9897 | D:9      | Upgraded the game from 0.30-a0-578-gdee14c521f to
                  | 0.30-a0-585-g93115170b9
 10039 | D:8      | Bought a scroll of identify for 28 gold pieces
 10069 | D:10     | Entered Level 10 of the Dungeon
 10270 | D:10     | Reached skill level 1 in Ice Magic
 10281 | D:10     | Reached **** piety under Vehumet
 10323 | D:10     | Noticed a two-headed ogre
 10333 | D:10     | Killed a two-headed ogre
 10334 | D:10     | Reached skill level 9 in Spellcasting
 10510 | D:10     | Found a hide-covered altar of Uskayaw.
 10559 | D:10     | Offered knowledge of Freezing Cloud by Vehumet.
 10648 | D:10     | Found a staircase to the Orcish Mines.
 11469 | Lair:1   | Entered Level 1 of the Lair of Beasts
 11484 | Lair:1   | Reached skill level 5 in Short Blades
 11562 | Lair:1   | Reached skill level 5 in Dodging
 11592 | Lair:1   | Learned a level 5 spell: Freezing Cloud
 11882 | Lair:1   | Identified the +3 ring mail "Usie" {rF+ Int+3 Slay+3}
 11908 | Lair:1   | Noticed a death yak
 11917 | Lair:1   | Reached XP level 12. HP: 83/83 MP: 22/25
 11920 | Lair:1   | Killed a death yak
 11921 | Lair:1   | Reached skill level 1 in Armour
 12054 | Lair:1   | Reached skill level 10 in Spellcasting
 12690 | Lair:2   | Noticed a catoblepas
 13220 | Lair:2   | Killed a catoblepas
 13222 | Lair:2   | Noticed a five-headed hydra
 13228 | Lair:2   | Killed a five-headed hydra
 13393 | Lair:2   | Found a staircase to the Shoals.
 13400 | Lair:2   | Reached skill level 10 in Fire Magic
 13402 | Lair:2   | Noticed a seven-headed hydra
 13409 | Lair:2   | Killed a seven-headed hydra
 13410 | Lair:2   | Reached skill level 5 in Fighting
 13795 | Lair:3   | Reached ***** piety under Vehumet
 13931 | Lair:3   | Found a staircase to the Snake Pit.
 13936 | Lair:3   | Offered knowledge of Starburst by Vehumet.
 13960 | Lair:3   | Noticed Snorg
 13970 | Lair:3   | Killed Snorg
 14263 | Lair:3   | Noticed a six-headed hydra
 14271 | Lair:3   | Killed a six-headed hydra
 14394 | Lair:3   | Reached skill level 11 in Spellcasting
 14406 | Lair:3   | Learned a level 6 spell: Starburst
 14584 | Lair:3   | Gained mutation: You are robust. (+10% HP) [demonic
                  | ancestry]
 14584 | Lair:3   | Reached XP level 13. HP: 46/101 MP: 23/28
 14780 | Lair:3   | Found an ornate altar of the Wu Jian Council.
 16657 | Lair:5   | Entered Level 5 of the Lair of Beasts
 16664 | Lair:5   | Found a viscous altar of Jiyva.
 16664 | Lair:5   | Found a staircase to the Slime Pits.
 16900 | Lair:5   | HP: 5/103 [death yak (15)]
 16906 | Lair:5   | Reached skill level 5 in Armour
 17762 | Lair:5   | Identified the ring "Xiruk" {Will- EV+5 Str+8 Stlth+}
 17871 | Lair:5   | Gained mutation: You have a pair of horns on your head.
                  | [demonic ancestry]
 17871 | Lair:5   | Reached XP level 14. HP: 111/111 MP: 24/29
 18364 | Lair:5   | Reached skill level 10 in Conjurations
 18474 | Lair:5   | Offered knowledge of Eringya's Noxious Bog by Vehumet.
 18482 | Lair:5   | Learned a level 6 spell: Eringya's Noxious Bog
 18565 | Lair:5   | Found a large runed translucent door.
 18566 | Lair:5   | Found a large runed translucent door.
 19286 | Orc:1    | Entered Level 1 of the Orcish Mines
 19287 | Orc:1    | Paralysed by an orc sorcerer for 4 turns
 19400 | Orc:1    | Found a runed translucent door.
 19401 | Orc:1    | Found a shimmering altar of Xom.
 19401 | Orc:1    | Noticed jfcaron's ghost (journeyman DrTm)
 19654 | Orc:2    | Entered Level 2 of the Orcish Mines
 19654 | Orc:2    | Found a staircase to the Elven Halls.
 19695 | Orc:2    | Reached skill level 1 in Transmutations
 19699 | Orc:2    | Reached skill level 1 in Poison Magic
 19876 | Orc:2    | Paralysed by something for 2 turns
 19905 | Orc:2    | Reached skill level 12 in Spellcasting
 20221 | Orc:2    | Found Mueck's Antique Weapon Boutique.
 20221 | Orc:2    | Found Ythub's Assorted Antiques.
 20222 | Orc:2    | Found Zankapt's Assorted Antiques.
 20222 | Orc:2    | Found Iklasch's Magic Scroll Boutique.
 20242 | Orc:2    | Reached ****** piety under Vehumet
 20337 | Orc:2    | Bought a scroll labelled CEERHI ZYNIR for 31 gold pieces
 20339 | Orc:2    | Bought a scroll of enchant armour for 232 gold pieces
 20443 | Orc:2    | Found Jaorot's Distillery.
 20564 | Orc:2    | Offered knowledge of Lee's Rapid Deconstruction by Vehumet.
 20571 | Orc:2    | Learned a level 5 spell: Lee's Rapid Deconstruction
 20691 | Orc:1    | Slain by an ettin

Illustrated notes

Levels and vault maps discovered:
D:1:      giann_bridges, layout_rooms, minmay_misc_feat_rugged,
          hangedman_decor_opposing, serial_bayou_ford_a, due_unseen_surprise
D:2:      layout_basic, serial_bayou, serial_bayou_pond_e,
          serial_bayou_lagoon_a, serial_bayou_crossing, serial_bayou_pond_d,
          serial_shops, shop_fountains, minmay_pentomino_q4, uniq_jessica
D:3:      layout_basic, kennysheep_minor_cross, uniq_sigmund
D:4:      cheibrodos_pilgrimage, layout_basic,
          grunt_temple_overflow_lords_of_destruction, amcnicky_altar_gilded,
          mainiacjoe_overflow_boulevard, tgw_kikubaaqudgha,
          gammafunk_temple_overflow_pools, gammafunk_ghost_mausoleum,
          chequers_ossuary_entry_cave, kennysheep_generic_room_2, uniq_robin
D:5:      layout_rooms, dreamdust_divine_triumvirate,
          nicolae_hepliaklqana_hippocampus, minmay_temple_entry_nine_rooms,
          minmay_fire_ice_demons
D:6:      layout_basic, portal_sewer_entry_f, minmay_manual_monstrance,
          uniq_edmund
D:7:      layout_gridville, minmay_misc_feat_encased
D:8:      layout_loops_ring, mainiacjoe_overflow_surrounded_room,
          grunt_lair_entry_orc_guard_hut, serial_shops, nicolae_take_the_stairs
D:9:      layout_roguey, nicolae_overflow_crystal_walls, serial_shops,
          nicolae_shop_temple_entry_statues_fountains,
          nicolae_concentric_dashed_squares_mild
D:10:     minmay_skewed_foursquare, layout_irregular_city, lemuel_crystal_altar,
          david_orc_2
Temple:   nicolae_temple_superstar
Lair:1:   minmay_lair_venomous_thicket, layout_chaotic_city, minmay_holes,
          infiniplex_staircase_pool_2, serial_bayou_shore_b
Lair:2:   layout_chaotic_city, elwin_shoals_entry_rocks, grunt_megastairs_1,
          lemuel_fruit_tree
Lair:3:   layout_big_grid, guppyfry_snake_entry_garden, lemuel_centaur_altar,
          serial_bayou_shore_a, uniq_snorg
Lair:4:   layout_hall_layers, nicolae_quartered_pool_little
Lair:5:   cheibrodos_lair_end_hotspot, layout_long_grid, slime_entry_1
Orc:1:    layout_diamond_mine, ebering_ghost_xom
Orc:2:    st_orc_ogre_mass, layout_caves, basic_altar, serial_shops, shop

Skill      XL: |  1  2  3  4  5  6  7  8  9 10 11 12 13 14 |
---------------+-------------------------------------------+-----
Fire Magic     | 3 4 5 6 7 8 9 10 11 | 11.2
Dodging        | 2 3 4 5 6 7 8 |  8.5
Conjurations   | 3 4 5 6 7 8 9 10 | 10.4
Stealth        | 2 3 4 |  4.0
Spellcasting   | 3 4 5 7 8 9 11 12 | 12.1
Short Blades   | 1 2 3 4 5 6 7 8 |  8.4
Fighting       | 1 2 3 4 5 6 7 |  7.9
Ice Magic      | 1 2 |  2.5
Armour         | 3 5 6 |  6.4
Transmutations | 2 |  2.3
Poison Magic   | 2 |  2.6
Air Magic      | |  0.5

Action                   |  1- 3 |  4- 6 |  7- 9 | 10-12 | 13-15 || total
-------------------------+-------+-------+-------+-------+-------++-------
Melee: Dagger            |     5 |     1 |       |       |       ||     6
       Punch             |     1 |       |     2 |     6 |     1 ||    10
       Rapier            |       |    22 |   113 |   161 |   120 ||   416
       Headbutt          |       |     3 |    23 |    32 |    30 ||    88
 Cast: Foxfire           |    73 |   166 |   312 |   354 |   379 ||  1284
       Scorch            |       |       |    22 |    54 |    10 ||    86
       Hailstorm         |       |       |       |    26 |    15 ||    41
       Flame Wave        |       |       |       |    22 |    22 ||    44
       Freezing Cloud    |       |       |       |     3 |    19 ||    22
       Starburst         |       |       |       |     3 |    53 ||    56
       Momentum Strike   |       |       |       |       |     1 ||     1
  Use: Potion            |       |     1 |     2 |       |     5 ||     8
       Scroll            |       |       |    13 |     9 |    11 ||    33
 Stab: Sleeping          |       |     1 |     6 |     1 |       ||     8
Armor: Robe              |     2 |     7 |    38 |    46 |       ||    93
       Ring mail         |       |       |       |    17 |    57 ||    74
Dodge: Dodged            |     8 |    25 |   153 |   249 |   221 ||   656

Table legend: (Time is in decaauts)
 A = Elapsed time spent in this place.
 B = Non-inter-level travel time spent in this place.
 C = Inter-level travel time spent in this place.
 D = Time resting spent in this place.
 E = Time spent auto-exploring this place.
 F = Levels seen in this place.
 G = Mean time per level.
                   A        B        C        D        E       F      G
               +--------+--------+--------+--------+--------+-----+--------+
         Total |  21010 |  19385 |   1625 |    100 |  15102 |  20 | 1050.5 |
       Dungeon |  10959 |  10069 |    890 |    100 |   7975 |  10 | 1095.9 |
        Temple |    104 |     88 |     16 |      0 |     80 |   1 |  104.0 |
          Lair |   7810 |   7140 |    670 |      0 |   5732 |   5 | 1562.0 |
  Orcish Mines |   1410 |   1362 |     48 |      0 |    933 |   2 |  705.0 |
         Sewer |    354 |    354 |      0 |      0 |    193 |   1 |  354.0 |
       Ossuary |    370 |    370 |      0 |      0 |    188 |   1 |  370.0 |
               +--------+--------+--------+--------+--------+-----+--------+

Top non-repeatable levels by time:
  Lair:5: 1977 daAuts
  Lair:4: 1907 daAuts
  Lair:3: 1603 daAuts
  Lair:1: 1414 daAuts
    D:10: 1359 daAuts
     D:8: 1356 daAuts
     D:4: 1334 daAuts
     D:6: 1324 daAuts
     D:7: 1112 daAuts
     D:3: 1001 daAuts
   Orc:2: 991 daAuts
     D:9: 966 daAuts
     D:5: 951 daAuts
  Lair:2: 906 daAuts
     D:2: 816 daAuts
